 Dungeon Crawl Stone Soup version 0.25-a0-424-g80bd347ae0 (webtiles) character file.

Game seed: 5967332685591114900, levelgen mode: deterministic

4 Lugonue the Caller (level 1, -1/13 HPs)
             Began as a Formicid Summoner on Jan 21, 2020.
             Slain by a leopard gecko (4 damage)
             ... on level 1 of the Dungeon.
             The game lasted 00:01:08 (110 turns).

Lugonue the Caller (Formicid Summoner)               Turns: 110, Time: 00:01:09

Health: -1/13      AC:  3    Str: 12    XL:     1   Next: 77%
Magic:  2/3        EV: 12    Int: 14    God:
Gold:   0          SH:  0    Dex: 11    Spells: 3/4 levels left

rFire    . . .     SeeInvis +   (no weapon)
rCold    . . .     Gourm    .   (no shield)
rNeg     . . .     Faith    .   a - +0 robe
rPois    .         Spirit   .   (helmet unavailable)
rElec    .         Reflect  .   (no cloak)
rCorr    .         Harm     .   (no gloves)
MR       .....                  b - +0 pair of boots
Stlth    ++........             (no amulet)
HPRegen  0.04/turn              (no ring)
MPRegen  0.08/turn              (no ring)

@: no status effects
A: permanent stasis, dig shafts and tunnels, four strong arms, antennae 3
a: Dig, Shaft Self


You were on level 1 of the Dungeon.
You were not hungry.

You visited 1 branch of the dungeon, and saw 1 of its levels.

Inventory:

Armour
 a - a +0 robe (worn)
 b - a +0 pair of boots (worn)
Scrolls
 d - a scroll of identify {unknown}
Comestibles
 c - a ration


   Skills:
 + Level 2.0 Dodging
 + Level 2.5 Stealth
 + Level 2.2 Spellcasting
 + Level 4.1 Summonings


You had 3 spell levels left.
You knew the following spells:

 Your Spells              Type           Power        Failure   Level  Hunger
a - Summon Small Mammal   Summ           ##..         4%          1    #......

Your spell library contained the following spells:

 Spells                   Type           Power        Failure   Level  Hunger
 Call Imp                 Summ           ##......     7%          2    ###....
 Call Canine Familiar     Summ           ##......     13%         3    ###....
 Summon Guardian Golem    Hex/Summ       #.......     30%         3    ###....
 Summon Ice Beast         Ice/Summ       #.......     69%         4    #####..
 Summon Lightning Spire   Summ/Air       #.......     69%         4    #####..


Dungeon Overview and Level Annotations

Branches:
Dungeon (1/15)

Altars:


Innate Abilities, Weirdness & Mutations

You cannot be hasted, slowed, berserked, paralysed or teleported.
You can dig through walls and to a lower floor.
Your four strong arms can wield two-handed weapons with a shield.
You have a pair of large antennae on your head. (SInv)


Message History

The leopard gecko hisses angrily.
You barely miss the leopard gecko.
Your bat barely misses the leopard gecko.
The leopard gecko bites you.
Your bat hits the leopard gecko but does no damage.
The leopard gecko barely misses your bat.
Your bat barely misses the leopard gecko.
Casting: Summon Small Mammal (safe; 4% risk of failure)
Confirm with . or Enter, or press ? or * to list all spells.
Your bat hits the leopard gecko. The leopard gecko bites you.
Your bat misses the leopard gecko. The leopard gecko bites you.
* * * LOW HITPOINT WARNING * * *
Something bites your bat.
Your bat dies!
Your bat's corpse disappears in a puff of smoke!
Your rat closely misses the leopard gecko.
You hit the leopard gecko but do no damage.
The leopard gecko is moderately wounded.
The leopard gecko bites you.
You die...

### #.# #.# #.#######
# ###.##....#
#.#...##....#
####..l#.##....#
......r.@.......#
#####.###.##....#
#..##........#
#..##..#####.#
#..#....## #†##
########..#.#...###..#
..........†..........#
.#####'#####........#
####.########.....#


You could see a leopard gecko and a friendly rat.

Vanquished Creatures
  A ball python (D:1)
  A rat (D:1)
2 creatures vanquished.

Vanquished Creatures (collateral kills)
  A dart slug (D:1)
  A hobgoblin (D:1)
2 creatures vanquished.

Grand Total: 4 creatures vanquished

Notes
Turn   | Place    | Note
-------+----------+-------------------------------------------
     0 | D:1      | Lugonue the Formicid Summoner began the quest for the Orb.
     0 | D:1      | Reached XP level 1. HP: 13/13 MP: 3/3
   110 | D:1      | Slain by a leopard gecko

Levels and vault maps discovered:
D:1:      dpeg_arrival_concentric_ovals, layout_rooms

Skill      XL: |  1 |
---------------+----+-----
Dodging        | 2 |  2.0
Stealth        | |  2.5
Spellcasting   | |  2.2
Summonings     | |  4.1

Action                   || total
-------------------------++-------
Melee: Unarmed           ||    15
 Cast: Summon Small Mamm ||     4
 Stab: Distracted        ||     1
       Sleeping          ||     1
Armor: Robe              ||     4
Dodge: Dodged            ||     4

Table legend:
 A = Non-vault XP
 B = Vault XP
 C = Vault XP percentage of total XP
 D = Non-vault monster count
 E = Vault monster count
 F = Vault count percentage of total count
                 A         B        C        D         E       F
            +---------+---------+-------+---------+---------+-------
      Total |       7 |       0 |   0.0 |       4 |       0 |   0.0
            +---------+---------+-------+---------+---------+-------
        D:1 |       7 |       0 |   0.0 |       4 |       0 |   0.0
            +---------+---------+-------+---------+---------+-------
